 Dungeon Crawl Stone Soup version 0.20-a0-792-g09bcfd3 (webtiles) character file.

59 Alarkh the Chopper (level 3, 0/43 HPs)
             Began as a Demonspawn Monk on Feb 28, 2017.
             Slain by a goblin (3 damage)
             ... led by Robin
             ... on level 2 of the Dungeon.
             The game lasted 00:01:36 (1699 turns).

Alarkh the Chopper (Demonspawn Monk)                Turns: 1699, Time: 00:01:37

Health: 0/43       AC: 21    Str: 11    XL:     3   Next: 78%
Magic:  12/12      EV:  2    Int: 12    God:
Gold:   59         SH:  0    Dex: 15    Spells: 2/2 levels left

rFire    . . .     SeeInvis .   a - +0 hand axe
rCold    . . .     Gourm    .   (armour currently unavailable)
rNeg     + + +     Faith    .   (no shield)
rPois    +         Spirit   .   (helmet currently unavailable)
rElec    .         Reflect  .   (cloak currently unavailable)
rCorr    .         Harm     .   (gloves currently unavailable)
MR       .....     NoTele   +   (boots currently unavailable)
Stlth    ++........             (no amulet)
Regen    0.2/turn               m - ring of wizardry (curse)
MPRegen  0.2/turn               g - ring of magical power

@: tree-form, very slightly contaminated, hasted, very quick
A: (horns 0)
a: no special abilities


You were on level 2 of the Dungeon.
You were not hungry.
You were a tree.
You visited 1 branch of the dungeon, and saw 2 of its levels.

You collected 59 gold pieces.

Inventory:

Hand Weapons
 a - a +0 hand axe (weapon)
Armour
 b - a +0 robe (melded)
 t - a +0 cloak (melded)
Jewellery
 g - a ring of magical power (left branch)
 m - a cursed ring of wizardry (right branch)
 s - an uncursed ring of ice
Scrolls
 d - a scroll of teleportation {unknown}
 e - a scroll of immolation {unknown}
 f - a scroll of noise {unknown}
 i - a scroll of remove curse {unknown}
 k - a scroll of identify {unknown}
 n - a scroll of fog {unknown}
Potions
 j - 2 potions of curing
 p - a potion of magic {unknown}
 r - a potion of might {unknown}
 u - a potion of brilliance {unknown}
Comestibles
 c - a bread ration
 o - 2 chunks of flesh
 q - a meat ration


   Skills:
 + Level 3.3 Fighting
 * Level 3.7 Axes
 + Level 3.1 Dodging
 - Level 1.7 Stealth


You had 2 spell levels left.
You didn't know any spells.

Dungeon Overview and Level Annotations

Branches:
Dungeon (2/15)

Altars:

Annotations:
D:2 Robin


Innate Abilities, Weirdness & Mutations

((You have a pair of horns on your head.))


Message History

The hobgoblin hits you but does no damage.
The goblin hits you but does no damage.
You hit Robin.
Robin is moderately wounded.
You barely miss the goblin. You closely miss the goblin. You hit the hobgoblin.
You closely miss Robin.
Robin is moderately wounded.
You barely miss the goblin. x2; You hit the hobgoblin.
You kill the hobgoblin!
The goblin no longer looks unusually strong.
The goblin hits you but does no damage. x2
Unknown command.
You hit Robin but do no damage.
Robin is moderately wounded.
You hit the goblin. You closely miss the goblin. x2
The goblin no longer looks unusually strong.
The goblin hits you but does no damage. The goblin hits you.
* * * LOW HITPOINT WARNING * * *
The goblin hits you.
You die...

###########
#.<.......#
###.........#
#...........#
#..#.........#
#.##.........# #.
#.#...#.$...## #.
..#.##gg#...# ##..
###.#.. #♣##.#.#
....####.....##gg#
.#.#
##........#####.##
......##.###......
. #<...#..........
.##.............?.
>....##†..........
..................
.........g........


You could see Robin and 3 goblins.

Vanquished Creatures
  An ooze (D:2)
  A worm (D:1)
  2 dart slugs
  3 leopard geckos (D:1)
  7 bats (D:1)
  A giant cockroach (D:2)
  10 goblins
  5 hobgoblins
  3 jackals (D:1)
  A quokka (D:1)
  3 frilled lizards
  A kobold (D:1)
  2 rats (D:1)
40 creatures vanquished.

Notes
Turn   | Place    | Note
-------+----------+-------------------------------------------
     0 | D:1      | Alarkh the Demonspawn Monk began the quest for the Orb.
     0 | D:1      | Reached XP level 1. HP: 18/18 MP: 1/1
   373 | D:1      | Gained mutation: You have a pair of small horns on your head. [demonic ancestry]
   373 | D:1      | Reached XP level 2. HP: 24/24 MP: 1/2
   907 | D:1      | Gained mutation: You have a pair of horns on your head. [demonic ancestry]
   907 | D:1      | Reached XP level 3. HP: 25/29 MP: 3/3
  1256 | D:2      | Noticed Robin
  1699 | D:2      | Slain by a goblin

Vault maps used:
D:1:      eino_arrival_cavern_b, minmay_crystal_room, minmay_misc_feat_tower,
          minmay_tetromino_l2
D:2:      uniq_robin, uniq_iyjb

Skill      XL: |  1  2 |
---------------+-------+-----
Axes           | 3 |  3.7
Dodging        | 3 |  3.1
Fighting       | |  3.3
Stealth        | |  1.7

Action                   || total
-------------------------++-------
Melee: Hand axe          ||   123
       Headbutt          ||    16
  Use: Potion            ||     3
 Stab: Sleeping          ||     6
  Eat: Chunk             ||     3
Armor: Robe              ||    17
       Skin              ||     9
Dodge: Dodged            ||    95
